 Dungeon Crawl Stone Soup version 0.30.0-15-g856e2d3f33 (webtiles) character file.

Game seed: 13552244885096355009

87 gelatine the Shooter (level 4, -2/32 HPs)
             Began as a Demonspawn Wanderer on May 18, 2023.
             Slain by Natasha (5 damage)
             ... on level 2 of the Dungeon.
             The game lasted 00:02:53 (967 turns).

gelatine the Shooter (Demonspawn Wanderer)           Turns: 967, Time: 00:02:53

Health: -2/32      AC:  6    Str: 14    XL:     4   Next: 28%
Magic:  5/5        EV: 10    Int: 11    God:
Gold:   39         SH:  4    Dex: 15    Spells: 5/5 levels left

rFire   . . .        a - +2 sling
rCold   . . .        (no shield)
rNeg    . . .        c - +0 ring mail
rPois   .            (no helmet)
rElec   .            (no cloak)
rCorr   .            f - +0 pair of gloves
SInv    .            (no boots)
Will    .....        (no amulet)
Stlth   +            (no ring)
HPRegen 0.25/turn    (no ring)
MPRegen 0.18/turn

%: no passive effects
@: slowed, very slow
A: magic regeneration, condensation shield
a: no special abilities


You were on level 2 of the Dungeon.
You visited 1 branch of the dungeon, and saw 2 of its levels.

You collected 39 gold pieces.

Inventory:

Hand Weapons
 a - a +2 sling (weapon)
 b - a +0 falchion
Armour
 c - a +0 ring mail (worn)
 f - a +0 pair of gloves (worn)
 h - a +0 scale mail
Magical Staves
 i - a staff of poison
Scrolls
 g - a scroll of amnesia {unknown}
 j - a scroll of teleportation {unknown}
 k - a scroll of fear {unknown}
Potions
 d - a potion of berserk rage
 e - a potion of heal wounds {unknown}
 l - a potion of curing {unknown}
 m - a potion of flight {unknown}


   Skills:
 * Level 1.1 Fighting
 + Level 1.8 Long Blades
 + Level 3.3 Ranged Weapons
 + Level 1.0 Throwing
 * Level 3.2 Armour
 * Level 0.9 Dodging
 * Level 1.5 Stealth
 * Level 1.0 Spellcasting


You had 5 spell levels left.
You didn't know any spells.
Your spell library was empty.

Dungeon Overview and Level Annotations

Branches:
Dungeon (2/15)

Altars:

Annotations:
D:2 Natasha


Innate Abilities, Weirdness & Mutations

You regenerate magic rapidly.
A meltable shield of frost defends you. (SH +4)


Message History

Natasha, Servant of Life and Death comes into view.
You are too injured to fight recklessly!
You are too injured to fight recklessly!
You are too injured to fight recklessly!
You see here the felid corpse of Natasha.
Natasha casts a spell.
Found two daggers.
Natasha stares at you and mumbles some strange words.
You resist with some effort.
You see here a +0 dagger.
Found an escape hatch in the floor.
A bat comes into view.
There are monsters nearby!
You are too injured to fight recklessly!
You are too injured to fight recklessly!
You are too injured to fight recklessly!
Fire: a) +2 sling
Press: ? - help, Q - select action Shift-Dir - straight line, f - bat
Aim: a bat (44% to hit)
You shoot a sling bullet. The sling bullet hits the bat.
The bat is moderately wounded.
The bat hits you but does no damage. The bat barely misses you.
Fire: a) +2 sling
Press: ? - help, Q - select action Shift-Dir - straight line, f/p - bat
Aim: a bat (44% to hit)
You shoot a sling bullet. The sling bullet hits the bat!
You kill the bat!
Natasha stares at you and mumbles some strange words.
You feel yourself slow down. Natasha casts a spell at you.
The magic dart hits you.
* * * LOW HITPOINT WARNING * * *
Natasha stares at you and mumbles some strange words.
The magic dart hits you.
* * * LOW HITPOINT WARNING * * *
Natasha closely misses you. Natasha attacks as you move away!
Natasha claws you but does no damage. Natasha attacks as you move away!
Natasha claws you.
You die...

#.# .# #.# #........#
#.##...###.#######.##.#
#<......##.........##.##
####....##.#.............
##.##.#.#####.######
#.#.####### #.#....#
#.#.##.############
#....h@...<........
###.##.............
#.#######...####### #.#
#......(...
#.#######..........
+....##.#..........
####.##.#..†.......
#.##.#.......#+#
######.##.###.###.#


You could see Natasha.

Vanquished Creatures
  Natasha (twice) (D:2)
  2 dart slugs
  5 ball pythons
  3 bats
  5 endoplasms
  3 goblins
  2 hobgoblins (D:1)
  3 quokkas
  2 frilled lizards (D:2)
  2 kobolds (D:1)
  5 rats
34 creatures vanquished.

Notes
Turn   | Place    | Note
-------+----------+-------------------------------------------
     0 | D:1      | gelatine the Demonspawn Wanderer began the quest for the
                  | Orb.
     0 | D:1      | gelatine set off with the following items: a +2 sling, a +0
                  | falchion, a +0 ring mail, a potion of berserk rage.
     0 | D:1      | Reached XP level 1. HP: 13/13 MP: 1/1
   124 | D:1      | Gained mutation: A meltable shield of frost defends you.
                  | (SH +4) [demonic ancestry]
   124 | D:1      | Reached XP level 2. HP: 19/19 MP: 2/2
   780 | D:2      | Noticed Natasha
   793 | D:2      | Killed Natasha
   794 | D:2      | Reached XP level 3. HP: 8/25 MP: 2/4
   888 | D:2      | Reached skill level 1 in Fighting
   924 | D:2      | Noticed Natasha
   936 | D:2      | Killed Natasha
   937 | D:2      | Reached skill level 1 in Spellcasting
   937 | D:2      | Gained mutation: You regenerate magic rapidly. [demonic
                  | ancestry]
   937 | D:2      | Reached XP level 4. HP: 6/32 MP: 5/5
   943 | D:2      | Noticed Natasha
   967 | D:2      | Slain by Natasha

Illustrated notes

Levels and vault maps discovered:
D:1:      psy_arrival_terrarium, layout_basic
D:2:      layout_basic, basic_altar, uniq_natasha

Skill      XL: |  1  2  3 |
---------------+----------+-----
Armour         | 3 |  3.2
Ranged Weapons | 3 |  3.3
Fighting       | 1 |  1.1
Spellcasting   | 1 |  1.0
Long Blades    | |  1.8
Throwing       | |  1.0
Dodging        | |  0.9
Stealth        | |  1.5

Action                     |  1- 3 |  4- 6 || total
---------------------------+-------+-------++-------
   Fire: Sling             |   105 |     2 ||   107
 Armour: Ring mail         |    20 |     2 ||    22
  Dodge: Dodged            |    15 |     2 ||    17
  Block: Other             |     6 |       ||     6
